 Dungeon Crawl Stone Soup version 0.22-a0-253-gf9d0ce5 (webtiles) character file.

2983 matakusis the Summoner (level 9, 0/40 HPs)
             Began as a Deep Elf Summoner on Mar 3, 2018.
             Was a Believer of Qazlal.
             Slain by a two-headed ogre
             ... wielding a +0 giant spiked club
              (28 damage)
             ... on level 9 of the Dungeon.
             The game lasted 01:00:32 (8161 turns).

matakusis the Summoner (Deep Elf Summoner)          Turns: 8161, Time: 01:00:32

Health: 0/40       AC: 10    Str:  5    XL:     9   Next: 53%
Magic:  18/25      EV: 13    Int: 24    God:    Qazlal [**....]
Gold:   336        SH:  6    Dex: 22    Spells: 17/28 levels left

rFire    . . .     SeeInvis .   A - +10 quarterstaff of Ancient Evil {protect, +Inv Dex+5}
rCold    . . .     Gourm    .   (shield currently unavailable)
rNeg     + . .     Faith    .   E - +2 steam dragon scales
rPois    .         Spirit   .   (no helmet)
rElec    .         Reflect  .   (no cloak)
rCorr    .         Harm     .   n - +1 pair of gloves
MR       +....                  w - +0 pair of boots of Zoox {rN+ MR+ Regen+}
Stlth    ++........             s - amulet of magic regeneration
HPRegen  0.53/turn              (no ring)
MPRegen  0.44/turn              (no ring)

@: no status effects
A: large bone plates 1, agile 1, frail 1, MP-powered wands
a: Upheaval, Renounce Religion, Evoke Invisibility


You were on level 9 of the Dungeon.
You worshipped Qazlal.
Qazlal was pleased with you.
You were not hungry.

You visited 2 branches of the dungeon, and saw 10 of its levels.

You collected 537 gold pieces.
You spent 201 gold pieces at shops.

Inventory:

Hand Weapons
 i - a +3 quarterstaff of holy wrath
 A - the +10 quarterstaff of Ancient Evil (weapon) {protect, +Inv Dex+5}
   (You found it on level 8 of the Dungeon)

   It protects the one who uses it against injury (+AC on strike).
   It affects your dexterity (+5).
   It lets you turn invisible.
Missiles
 f - 130 arrows
 m - 149 stones (quivered)
Armour
 n - a +1 pair of gloves (worn)
 w - the +0 pair of boots of Zoox (worn) {rN+ MR+ Regen+}
   (You bought it in a shop on level 4 of the Dungeon)

   It protects you from negative energy.
   It affects your resistance to hostile enchantments.
   It increases your rate of regeneration.
 E - +2 steam dragon scales (worn)
Jewellery
 s - an amulet of magic regeneration (around neck)
Wands
 j - a wand of acid (9)
 u - a wand of polymorph (17)
 y - a wand of digging (8)
 B - a wand of paralysis (21)
Scrolls
 d - 2 scrolls of enchant armour
 e - 3 scrolls of fog
 l - 2 scrolls of fear
 p - 2 scrolls of magic mapping
 q - 3 scrolls of remove curse
 r - 3 scrolls of teleportation
Potions
 a - 2 potions of magic {unknown}
 b - a potion of agility
 g - 4 potions of brilliance
 h - 3 potions of flight
 k - a potion of haste
 o - 5 potions of curing
 t - a potion of cancellation
 v - a potion of might {unknown}
Comestibles
 c - 11 rations
 x - a chunk of flesh


   Skills:
 - Level 2.4 Dodging
 - Level 2.4 Stealth
 + Level 10.1 Spellcasting
 * Level 11.7 Summonings
 + Level 4.5 Ice Magic
 - Level 0.6 Air Magic


You had 17 spell levels left.
You knew the following spells:

 Your Spells              Type           Power        Failure   Level  Hunger
a - Summon Small Mammal   Summ           ####         1%          1    None
b - Call Imp              Summ           ######..     1%          2    None
c - Summon Ice Beast      Ice/Summ       ######..     1%          4    #......
d - Summon Lightning Spi  Summ/Air       #####...     4%          4    #......


Dungeon Overview and Level Annotations

Branches:
Dungeon (9/15)             Temple (1/1) D:7            Lair (0/6) D:9
    Orc: D:9-12

Altars:
Ashenzari
Cheibriados
Dithmenos
Elyvilon
Fedhas
Gozag
Hepliaklqana
Kikubaaqudgha
Makhleb
Nemelex Xobeh
Okawaru
Qazlal
Ru
Sif Muna
Trog
Uskayaw
Vehumet
Wu Jian
Xom
Yredelemnul
Zin
The Shining One

Shops:
D:4 *[   D:9 !


Innate Abilities, Weirdness & Mutations

You are partially covered in large bone plates. (SH +4)
You are agile. (Dex +2)
You are frail. (-10% HP)
You expend magic power (3 MP) to strengthen your wands.


Message History

A chill wind blows around you.
The two-headed ogre hits you with a giant spiked club!!
Ouch! That really hurt!
The two-headed ogre closely misses you.
Okay, then.
There is an open door here.
There is an open door here.
Things that are here:
a mace; a leather armour
There is an open door here.
Casting: Summon Ice Beast (safe; 1% risk of failure)
Confirm with . or Enter, or press ? or * to list all spells.
A chill wind blows around you. The two-headed ogre closely misses you.
The two-headed ogre completely misses you.
Casting: Summon Ice Beast (safe; 1% risk of failure)
Confirm with . or Enter, or press ? or * to list all spells.
A chill wind blows around you.
The two-headed ogre hits you with a giant spiked club!!
Ouch! That really hurt!
You die...

#.###...... ##.#
###.... #####..#
###.. #.....## #..
##.##### #.∩ ##..#
#.. #.Y## ### #.## #
#@# # #O# # #Y# #
#Y# ######
###'####### #.....
#...).Y...#####.....
#.........'...'.....
#.........#####.....
#.........# #.....


You could see a two-headed ogre and 3 friendly ice beasts.

Vanquished Creatures
  An ice beast (D:9)
  An ogre (D:4)
  A quasit (D:9)
  A bullfrog skeleton (D:4)
  2 orc wizards
  A hound zombie (D:8)
  A worker ant zombie (D:5)
  2 adders
  2 leopard geckos
  2 orcs
  A giant cockroach (D:3)
  A goblin (D:3)
  A kobold (D:3)
  2 rats
19 creatures vanquished.

Vanquished Creatures (collateral kills)
  Pikel (D:8)
  An elephant (D:9)
  A troll (D:9)
  A hippogriff (D:9)
  The ghost of Phong the Conjurer, an amateur OpCj (D:4)
  A steam dragon (D:8)
  A water moccasin (D:7)
  3 ice beasts
  2 orc warriors
  A slave (D:8)
  2 sky beasts
  A phantom (D:5)
  8 ogres
  3 centaurs
  2 crocodiles (D:9)
  2 big kobolds
  2 bullfrogs (D:7)
  A wyvern skeleton (D:6)
  A scorpion (D:8)
  4 killer bees (D:7)
  4 howler monkeys
  3 crimson imps
  A centaur zombie (D:8)
  2 centaur skeletons
  4 hounds
  A jelly (D:8)
  6 orc wizards
  A quasit (D:9)
  3 orc priests
  2 iguanas
  6 worker ants
  Ijyb (D:5)
  Terence (D:2)
  A hound zombie (D:8)
  9 gnolls
  6 adders
  2 oozes
  An adder skeleton (D:4)
  2 worms
  A dart slug (D:2)
  A leopard gecko (D:8)
  38 orcs
  8 giant cockroaches
  5 goblins
  7 hobgoblins
  14 kobolds
  2 quokkas
  2 ball pythons
  5 bats
  5 frilled lizards
  2 leopard gecko skeletons (D:4)
  2 quokka zombies
  3 rats
190 creatures vanquished.

Grand Total: 209 creatures vanquished

Notes
Turn   | Place    | Note
-------+----------+-------------------------------------------
     0 | D:1      | matakusis the Deep Elf Summoner began the quest for the Orb.
     0 | D:1      | Reached XP level 1. HP: 10/10 MP: 6/6
   311 | D:1      | Reached XP level 2. HP: 15/15 MP: 5/8
   319 | D:1      | Learned a level 2 spell: Call Imp
   534 | D:1      | Reached skill level 5 in Summonings
  1033 | D:2      | Noticed Terence
  1171 | D:2      | Killed Terence
  1171 | D:2      | Reached XP level 3. HP: 19/19 MP: 0/10
  1786 | D:3      | Reached XP level 4. HP: 13/24 MP: 11/11
  1802 | D:3      | Learned a level 4 spell: Summon Ice Beast
  2116 | D:3      | You fall through a shaft!
  2141 | D:3      | Reached skill level 6 in Summonings
  2367 | D:4      | Noticed an ogre
  2382 | D:4      | Killed an ogre
  2382 | D:4      | Reached XP level 5. HP: 28/28 MP: 2/13
  2396 | D:4      | Learned a level 4 spell: Summon Lightning Spire
  2568 | D:4      | Found an ornate altar of the Wu Jian Council.
  2579 | D:4      | Found Jiqak's Armour Emporium.
  2651 | D:4      | Found Byxzuh's Assorted Antiques.
  2873 | D:4      | Noticed an ogre
  2885 | D:4      | Killed an ogre
  2885 | D:4      | Reached skill level 5 in Spellcasting
  2885 | D:4      | Reached skill level 7 in Summonings
  2962 | D:4      | Noticed Phong's ghost (amateur OpCj)
  3222 | D:4      | Killed Phong's ghost
  3222 | D:4      | Reached XP level 6. HP: 26/32 MP: 4/15
  3234 | D:5      | Entered Level 5 of the Dungeon
  3260 | D:5      | Reached skill level 1 in Ice Magic
  3836 | D:5      | Noticed Ijyb
  3844 | D:5      | Killed Ijyb
  3991 | D:5      | Noticed a sky beast
  3996 | D:5      | Killed a sky beast
  3996 | D:5      | Reached skill level 8 in Summonings
  3996 | D:5      | Reached XP level 7. HP: 36/36 MP: 16/18
  4370 | D:4      | Bought the cursed +0 pair of boots of Zoox {rN+ MR+ Regen+} for 201 gold pieces
  4437 | D:6      | Found a burning altar of Makhleb.
  4460 | D:6      | Found an iron altar of Okawaru.
  4466 | D:6      | Found a radiant altar of Vehumet.
  4467 | D:6      | Found a glowing golden altar of the Shining One.
  4474 | D:6      | Found a snail-covered altar of Cheibriados.
  4476 | D:6      | Found a blossoming altar of Fedhas.
  4892 | D:6      | Reached skill level 9 in Summonings
  4904 | D:6      | Reached XP level 8. HP: 37/41 MP: 17/20
  5780 | D:7      | Found a staircase to the Ecumenical Temple.
  5832 | Temple   | Entered the Ecumenical Temple
  5840 | Temple   | Became a worshipper of Qazlal Stormbringer
  6178 | D:8      | Reached skill level 10 in Summonings
  6527 | D:8      | Noticed Pikel
  6545 | D:8      | Killed Pikel
  6800 | D:8      | Reached * piety under Qazlal
  6817 | D:8      | Reached XP level 9. HP: 45/45 MP: 17/23
  7211 | D:8      | Got a dazzling quarterstaff
  7214 | D:8      | Identified the +10 quarterstaff of Ancient Evil {protect, +Inv Dex+5} (You found it on level 8 of the Dungeon)
  7284 | D:8      | Gained mutation: You are surrounded by a mild repulsion field. (EV +2) [potion of mutation]
  7284 | D:8      | Gained mutation: You have a pair of small horns on your head. [potion of mutation]
  7285 | D:8      | Lost mutation: You are surrounded by a mild repulsion field. (EV +2) [potion of mutation]
  7285 | D:8      | Lost mutation: You have a pair of small horns on your head. [potion of mutation]
  7285 | D:8      | Gained mutation: You are frail. (-10% HP) [potion of mutation]
  7285 | D:8      | Gained mutation: You are agile. (Dex +2) [potion of mutation]
  7285 | D:8      | Gained mutation: You expend magic power (3 MP) to strengthen your wands. [potion of mutation]
  7285 | D:8      | Gained mutation: You are partially covered in large bone plates. (SH +4) [potion of mutation]
  7569 | D:9      | Reached skill level 11 in Summonings
  7660 | D:9      | Noticed a troll
  7664 | D:9      | Killed a troll
  7666 | D:9      | Reached ** piety under Qazlal
  7831 | D:9      | Found Ynilem Uboe's Distillery.
  7833 | D:9      | Noticed an elephant
  7856 | D:9      | Killed an elephant
  7865 | D:9      | Reached skill level 10 in Spellcasting
  7905 | D:9      | Found a staircase to the Lair.
  8127 | D:9      | Noticed a two-headed ogre
  8161 | D:9      | Slain by a two-headed ogre

Vault maps used:
D:1:      minmay_arrival_glassed_features
D:2:      uniq_terence
D:4:      old_standard_altar, serial_shops, nicolae_shop_overgrown_old_shop,
          shop_statue, first_ration
D:5:      minmay_misc_feat_room, uniq_ijyb
D:6:      minitemple, minmay_misc_feat_cross
D:7:      minmay_temple_entry_poolview, grunt_ministairs_11
D:8:      uniq_pikel
D:9:      david_lair_generic, serial_shops, shop, grunt_ogre_cave
Temple:   nicolae_temple_no_exploring_needed

Skill      XL: |  1  2  3  4  5  6  7  8  9 |
---------------+----------------------------+-----
Summonings     | 5 6 7 8 9 10 11 | 11.7
Spellcasting   | 4 5 6 7 8 10 | 10.1
Ice Magic      | 1 2 3 4 |  4.5
Dodging        | |  2.4
Stealth        | |  2.4
Air Magic      | |  0.6

Action                   |  1- 3 |  4- 6 |  7- 9 || total
-------------------------+-------+-------+-------++-------
Melee: Unarmed           |    16 |       |       ||    16
       Quarterstaff      |    15 |    29 |    25 ||    69
       Short sword       |       |       |    26 ||    26
 Cast: Summon Small Mamm |    25 |       |       ||    25
       Call Imp          |    29 |    16 |     2 ||    47
       Summon Ice Beast  |       |    15 |    55 ||    70
       Summon Lightning  |       |    14 |    50 ||    64
  Use: Scroll            |     9 |     3 |    12 ||    24
       Potion            |       |       |     2 ||     2
 Stab: Distracted        |       |     1 |     1 ||     2
  Eat: Chunk             |     3 |     9 |    16 ||    28
       Ration            |       |     1 |     1 ||     2
Armor: Robe              |     8 |     2 |     6 ||    16
       Steam dragon scal |       |       |    16 ||    16
Dodge: Dodged            |    32 |    17 |    50 ||    99
Block: Other             |       |       |     9 ||     9

Table legend:
 A = Spawn XP
 B = Non-spawn XP
 C = Spawn XP percentage of total XP
 D = Spawn monster count
 E = Non-spawn monster count
 F = Spawn count percentage of total count
 G = Total turns spent on level
                    A         B        C        D         E        F      G
               +---------+---------+-------+---------+---------+-------+---------
         Total |       0 |    4262 |   0.0 |       0 |     208 |   0.0 |  8161
               +---------+---------+-------+---------+---------+-------+---------
           D:1 |       0 |      21 |   0.0 |       0 |      18 |   0.0 |   988
           D:2 |       0 |      58 |   0.0 |       0 |      18 |   0.0 |   698
           D:3 |       0 |      50 |   0.0 |       0 |      14 |   0.0 |   667
           D:4 |       0 |     354 |   0.0 |       0 |      20 |   0.0 |   932
           D:5 |       0 |     398 |   0.0 |       0 |      17 |   0.0 |  1135
           D:6 |       0 |     769 |   0.0 |       0 |      36 |   0.0 |   919
           D:7 |       0 |     432 |   0.0 |       0 |      15 |   0.0 |   801
           D:8 |       0 |     972 |   0.0 |       0 |      36 |   0.0 |  1316
           D:9 |       0 |    1208 |   0.0 |       0 |      34 |   0.0 |   688
               +---------+---------+-------+---------+---------+-------+---------
